 Dungeon Sprint DCSS version 0.31.0-11-ge490571c62 (webtiles) character file.

Game seed: 6379329614279905664

818 boopmooplesden the Cruncher (level 7, -19/66 HPs)
             Began as a Minotaur Gladiator on Feb 1, 2024.
             Demolished by a boulder beetle (24 damage)
             ... in the Dungeon (Sprint II: "The Violet Keep of Menkaure").
             The game lasted 00:01:56 (1145 turns).

boopmooplesden the Cruncher (Minotaur Gladiator)    Turns: 1145, Time: 00:01:57

Health: -19/66     AC:  3    Str: 20    XL:     7   Next: 62%
Magic:  6/6        EV: 16    Int:  5    God:
Gold:   972        SH:  0    Dex: 12    Spells: 6/6 levels left

rFire   . . .        a - +0 quarterstaff
rCold   . . .        (shield currently unavailable)
rNeg    . . .        b - +0 leather armour
rPois   .            c - +0 hat
rElec   .            (no cloak)
rCorr   .            (no gloves)
SInv    .            (no boots)
Will    .....        (no amulet)
Stlth   +            (no ring)
HPRegen 0.31/turn    (no ring)
MPRegen 0.10/turn

%: no teleportation
@: no status effects
A: horns 2, retaliatory headbutt
a: no special abilities


You were in the Dungeon.
You visited 1 branch You collected 972 gold pieces.

Inventory:

Hand Weapons
 a - a +0 quarterstaff (weapon)
Missiles
 e - a javelin
Armour
 b - a +0 leather armour (worn)
 c - a +0 hat (worn)
Scrolls
 k - a scroll of blinking
Potions
 h - a potion of haste
 i - 2 potions of magic
 j - a potion of mutation {unknown}


   Skills:
 + Level 7.5 Fighting
 + Level 13.0 Staves
 + Level 5.5 Throwing
 + Level 3.8 Armour
 + Level 11.1 Dodging
 + Level 1.6 Stealth


You had 6 spell levels left.
You didn't know any spells.
Your spell library was empty.

Dungeon Overview and Level Annotations

Branches:
Dungeon (1/1)

Altars:

Shops:
D [!:[*?=[*=!(:(=

Annotations:
D exclusions: oklob plant and orange crystal statue


Innate Abilities, Weirdness & Mutations

You have a pair of horns on your head.
You reflexively headbutt those who attack you in melee.


Message History

The boulder beetle curls into a ball and begins rolling!
The boulder beetle hits you!!
The boulder beetle stops rolling and uncurls.
There is an entrance to Gaaloyg's Book Emporium here.
You hit the boulder beetle but do no damage.
The boulder beetle is almost dead.
The boulder beetle bites you!
You hit the boulder beetle but do no damage.
You headbutt the boulder beetle, but do no damage.
The boulder beetle is almost dead.
You sock the boulder beetle!
The boulder beetle is almost dead.
The boulder beetle bites you!!
* * * LOW HITPOINT WARNING * * *
You hit the boulder beetle but do no damage.
The boulder beetle is almost dead.
The boulder beetle leaps!
The boulder beetle leaps!
You feel better.
The boulder beetle leaps!
The boulder beetle leaps!
The boulder beetle curls into a ball and begins rolling!
There is an entrance to Wupul's Distillery here.
The boulder beetle misses you. You furiously retaliate!
You headbutt the boulder beetle.
The boulder beetle stops rolling and uncurls.
You hit the boulder beetle but do no damage.
The boulder beetle is almost dead.
The boulder beetle bites you!
* * * LOW HITPOINT WARNING * * *
You hit the boulder beetle but do no damage.
The boulder beetle is almost dead.
You hit the boulder beetle but do no damage.
The boulder beetle is almost dead.
The boulder beetle bites you but does no damage.
You barely miss the boulder beetle.
The boulder beetle is almost dead.
The boulder beetle leaps!
The boulder beetle bites you!!
You die...

## ~##
############~~#++
###########~~~...
##.......∩#~~~~.## ##
##∩.....∩.#~~~~##. .##
##.....∩.∩#~~~~#..#..#
##∩.∩@∩.∩.#B~####.).##
##.∩B∩.∩..#~##.###'###
##..∩.∩...#~#...##.##.
##...⌠....+~'###+.<.'#
##........#~#...##.##.
#▓▓▓▓▓▓▓###~##.###†###
##hFF######~(####.#.##
#$.h#D ##~~~#.###.#
#∩P[+[( #(#~##.#.##


You could see an ice dragon, 2 boulder beetles, 2 polar bears and 2 cane toads.

Vanquished Creatures
  A merfolk siren (D)
  2 wyverns (D)
  Menkaure (D)
  A crocodile (D)
  A scorpion (D)
  3 ribbon worms (D)
9 creatures vanquished.

Notes
Turn   | Place    | Note
-------+----------+-------------------------------------------
     0 | D        | boopmooplesden the Minotaur Gladiator began the quest for
                  | the Orb.
     0 | D        | Reached XP level 1. HP: 18/18 MP: 0/0
     1 | D        | Noticed a merfolk siren
     7 | D        | Killed a merfolk siren
     8 | D        | Reached skill level 5 in Fighting
     8 | D        | Reached skill level 10 in Staves
     8 | D        | Reached XP level 2. HP: 11/30 MP: 1/1
     8 | D        | Reached XP level 3. HP: 13/37 MP: 2/2
     8 | D        | Reached XP level 4. HP: 16/44 MP: 3/3
     8 | D        | Reached XP level 5. HP: 18/50 MP: 4/4
     8 | D        | Reached XP level 6. HP: 21/57 MP: 5/5
   184 | D        | Noticed a wyvern
   184 | D        | Noticed a wyvern
   192 | D        | Killed a wyvern
   193 | D        | Reached skill level 11 in Staves
   193 | D        | Reached skill level 1 in Armour
   193 | D        | Reached skill level 10 in Dodging
   196 | D        | Killed a wyvern
   197 | D        | Reached skill level 12 in Staves
   197 | D        | Reached skill level 5 in Throwing
   197 | D        | Reached XP level 7. HP: 17/64 MP: 6/6
   354 | D        | Noticed a boulder beetle
   354 | D        | Noticed a boulder beetle
   365 | D        | Noticed an orange crystal statue
   371 | D        | Found Wupul's Distillery.
   372 | D        | Found Neathros's General Store.
   372 | D        | Found Donk's Antique Armour Shoppe.
   385 | D        | Reached skill level 1 in Stealth
   524 | D        | Found Luziarche's Jewellery Shoppe.
   524 | D        | Found Gaaloyg's Book Emporium.
   525 | D        | Found Zuirru's Magic Scroll Shoppe.
   525 | D        | Found Unups's General Store.
   525 | D        | Found Iqomp's Jewellery Emporium.
   525 | D        | Found Koja Ytu's Jewellery Shoppe.
   526 | D        | Found Diofoeca's Weapon Shoppe.
   526 | D        | Noticed a polar bear
   527 | D        | Found Arayhar's Antique Weapon Shoppe.
   739 | D        | Noticed a cane toad
   741 | D        | Noticed a cane toad
   742 | D        | Found Buynloe's Antique Armour Emporium.
   742 | D        | Noticed Menkaure
   742 | D        | Noticed a polar bear
   742 | D        | Noticed an oklob plant
   743 | D        | Found Cyeziunk's Distillery.
   743 | D        | Found Enotuzao's Book Shoppe.
   743 | D        | Found Veosh's Armour Emporium.
   761 | D        | Killed Menkaure
   762 | D        | Reached skill level 13 in Staves
  1105 | D        | Noticed an ice dragon
  1130 | D        | HP: 3/66 [boulder beetle (18)]
  1145 | D        | Demolished by a boulder beetle

Illustrated notes

Levels and vault maps discovered:
D:        the_violet_keep_of_menkaure [sprint2_stairs_cluster_1,
          sprint2_shoproom, sprint2_temple, sprint2_basic_supplies,
          sprint2_obstacle_4, sprint2_obstacle_6, sprint2_obstacle_2,
          sprint2_obstacle_3, sprint2_obstacle_5, sprint2_timed_cluster_1,
          sprint2_smallroom_cluster_1, sprint2_smallroom_final_cluster_1,
          sprint2_transparent_cluster_1, sprint2_second_timed_cluster_1,
          sprint2_sniper_area_1, sprint2_heavy_combat_area_1,
          sprint2_mutation_trap_area_1, sprint2_forest_area_1,
          sprint2_light_combat_area_1, sprint2_behind_water_1,
          sprint2_near_end_vault_1]

Skill      XL: |  1  2  3  4  5  6  7 |
---------------+----------------------+-----
Fighting       | 5 6 7 |  7.5
Staves         | 10 12 13 | 13.0
Throwing       | 4 5 |  5.5
Dodging        | 9 10 11 | 11.1
Armour         | 2 3 |  3.8
Stealth        | 1 |  1.6

Action                     |  1- 3 |  4- 6 |  7- 9 || total
---------------------------+-------+-------+-------++-------
  Melee: Quarterstaff      |     4 |    13 |    60 ||    77
         Headbutt          |       |     2 |    15 ||    17
  Throw: Throwing net      |       |     2 |     6 ||     8
    Use: Potion            |     1 |       |     2 ||     3
   Stab: Held in net/web   |       |     2 |       ||     2
 Armour: Leather armour    |     2 |     8 |    25 ||    35
  Dodge: Dodged            |     2 |     4 |    23 ||    29
